 Dungeon Crawl Stone Soup version 0.24-a0-341-g52ca42d3ec (webtiles) character file.

Game seed: 11438742546306097621

172 MisterFreud the Changer (level 5, -2/33 HPs)
             Began as an Octopode Transmuter on May 20, 2019.
             Killed from afar by an orc wizard (9 damage)
             ... with a puff of flame
             ... on level 3 of the Dungeon.
             The game lasted 00:03:23 (1735 turns).

MisterFreud the Changer (Octopode Transmuter)       Turns: 1735, Time: 00:03:23

Health: -2/33      AC:  2    Str:  9    XL:     5   Next: 53%
Magic:  4/9        EV: 34    Int: 17    God:
Gold:   75         SH:  0    Dex: 17    Spells: 4/10 levels left

rFire    . . .     SeeInvis .     - Unarmed
rCold    . . .     Gourm    .   (shield currently unavailable)
rNeg     . . .     Faith    .   (helmet currently unavailable)
rPois    x         Spirit   .   m - amulet of the acrobat
rElec    .         Reflect  .   (no ring)
rCorr    .         Harm     .   (no ring)
MR       .....                  (no ring)
Stlth    ++........             (no ring)
HPRegen  0.11/turn              (no ring)
MPRegen  0.11/turn              (no ring)
                                (no ring)
                                (no ring)

@: spider-form, acrobat
A: tiny, almost no armour, stealthy swim, (amphibious), 8 rings, (constrict 8)
a: End Transformation


You were on level 3 of the Dungeon.
You were hungry.
You were a venomous arachnid creature.
You visited 1 branch of the dungeon, and saw 3 of its levels.

You collected 75 gold pieces.

Inventory:

Missiles
 a - 25 arrows
 b - 17 stones (quivered)
 f - 65 sling bullets
 u - 16 bolts
Jewellery
 m - an amulet of the acrobat (around neck)
Wands
 s - a wand of flame (20)
Scrolls
 d - a scroll of enchant weapon {unknown}
 e - 2 scrolls of remove curse {unknown}
 h - 2 scrolls of teleportation {unknown}
 k - a scroll of blinking {unknown}
 l - 2 scrolls of magic mapping {unknown}
 n - 2 scrolls of identify {unknown}
 o - a scroll of random uselessness {unknown}
 t - 2 scrolls of amnesia {unknown}
Potions
 i - 2 potions of resistance {unknown}
 j - a potion of curing {unknown}
 p - 2 potions of heal wounds {unknown}
 q - a potion of flight {unknown}
 r - a potion of ambrosia {unknown}
Comestibles
 c - 6 rations
 g - 4 chunks of flesh


   Skills:
 - Level 1.0 Fighting
 - Level 2.0 Dodging
 - Level 3.0 Unarmed Combat
 + Level 3.3 Spellcasting
 * Level 4.7 Transmutations


You had 4 spell levels left.
You knew the following spells:

 Your Spells              Type           Power        Failure   Level  Hunger
a - Beastly Appendage     Tmut           ###...       10%         1    None
b - Sticks to Snakes      Tmut           ###.....     12%         2    ##.....
c - Spider Form           Tmut/Pois      ##........   38%         3    ###....

Your spell library contained the following spells:

 Spells                   Type           Power        Failure   Level  Hunger
 Ice Form                 Ice/Tmut       ##......     75%         4    ####...
 Blade Hands              Tmut           ###.......   77%         5    ######.


Dungeon Overview and Level Annotations

Branches:
Dungeon (3/15)

Altars:
Kikubaaqudgha


Innate Abilities, Weirdness & Mutations

You cannot wear most types of armour.
You are very stealthy in the water. (Stealth+)
((You are amphibious.))
You can wear up to eight rings at the same time.
((You can use your tentacles to constrict eight enemies at once.))
((Your skin changes colour to match your surroundings (Stealth+).))
((Your rubbery body absorbs attacks. (AC +1, EV +1)))


Message History

Confirm with . or Enter, or press ? or * to list all spells.
You turn into a venomous arachnid creature.
You are feeling hungry.
You hit something but do no damage. Something hits you but does no damage.
You hit something but do no damage.
You hear some strange, mumbled words.
A puff of flame appears from out of thin air!
The puff of flame hits you.
* * * LOW HITPOINT WARNING * * *
You hit something.
You hear some strange, mumbled words.
Something tries to affect you, but you resist.
Some of the chunks of flesh in your inventory have rotted away.
An orc comes into view. It is wielding a +0 dagger.
An orc wizard appears from thin air!
Reactivating autopickup.
The orc shouts!
The orc wizard casts a spell at you. The puff of flame hits you!
You die...

#.######......# ###
...##.........##........
...##............# .....
...##..........###......
.#####..####..## ......
.##.....)...o.# #...o
.##.##.######o## ...
....##.# #..##.##
...o.o.# ###...s..##
..)##### #.......>.##
##.# ####..........# #o#
##.............#
#)####..##..........#
.....>..............###
##.####.###.............
... ##............ ...
##...<....##


You could see an orc wizard and 2 orcs.

Vanquished Creatures
  A hound (D:2)
  An orc priest (D:3)
  An iguana (D:2)
  Terence (D:2)
  An ooze (D:2)
  2 worms
  A dart slug (D:1)
  An orc (D:3)
  8 bats
  2 giant cockroaches (D:2)
  6 goblins (D:1)
  9 hobgoblins
  3 kobolds
  A quokka (D:2)
  3 frilled lizards
  A quokka skeleton (D:3)
  8 rats
50 creatures vanquished.

Notes
Turn   | Place    | Note
-------+----------+-------------------------------------------
     0 | D:1      | MisterFreud the Octopode Transmuter began the quest for the
                  | Orb.
     0 | D:1      | Reached XP level 1. HP: 13/13 MP: 3/3
     6 | D:1      | Noticed a polar bear
     6 | D:1      | Noticed a wyvern
     6 | D:1      | Noticed a salamander
     6 | D:1      | Noticed a lindwurm
     6 | D:1      | Noticed a hog
    87 | D:1      | Reached XP level 2. HP: 11/18 MP: 5/5
   498 | D:1      | Reached skill level 3 in Transmutations
   503 | D:1      | Reached XP level 3. HP: 10/23 MP: 3/6
   855 | D:1      | Learned a level 2 spell: Sticks to Snakes
   859 | D:1      | Learned a level 3 spell: Spider Form
   879 | D:1      | Reached XP level 4. HP: 11/28 MP: 1/8
  1117 | D:2      | Noticed Terence
  1225 | D:2      | Killed Terence
  1225 | D:2      | Reached skill level 4 in Transmutations
  1394 | D:2      | Reached XP level 5. HP: 33/33 MP: 5/9
  1648 | D:2      | Found an ancient bone altar of Kikubaaqudgha.
  1735 | D:3      | Killed from afar by an orc wizard

Levels and vault maps discovered:
D:1:      onia_arrival_zoo_common, layout_basic
D:2:      layout_basic, nicolae_overflow_hidden_temple, first_ration,
          uniq_terence
D:3:      layout_rooms, yredelemnul_altar_generic, uniq_jessica

Skill      XL: |  1  2  3  4 |
---------------+-------------+-----
Transmutations | 3 4 |  4.7
Spellcasting   | 3 |  3.3
Fighting       | |  1.0
Dodging        | |  2.0
Unarmed Combat | |  3.0

Action                   |  1- 3 |  4- 6 || total
-------------------------+-------+-------++-------
Melee: Unarmed           |    67 |    69 ||   136
       Constrict         |    20 |    10 ||    30
       Punch             |     5 |     2 ||     7
       Tentacles         |     5 |     8 ||    13
       Kick              |     4 |       ||     4
 Cast: Beastly Appendage |     4 |       ||     4
       Spider Form       |     1 |     5 ||     6
 Stab: Sleeping          |     2 |     2 ||     4
  Eat: Chunk             |       |     3 ||     3
Armor: Skin              |     8 |     3 ||    11
Dodge: Dodged            |    61 |    38 ||    99

Table legend:
 A = Non-vault XP
 B = Vault XP
 C = Vault XP percentage of total XP
 D = Non-vault monster count
 E = Vault monster count
 F = Vault count percentage of total count
                 A         B        C        D         E       F
            +---------+---------+-------+---------+---------+-------
      Total |     211 |      36 |  14.6 |      49 |       1 |   2.0
            +---------+---------+-------+---------+---------+-------
        D:1 |      44 |       0 |   0.0 |      26 |       0 |   0.0
        D:2 |     113 |      36 |  24.2 |      17 |       1 |   5.6
        D:3 |      54 |       0 |   0.0 |       6 |       0 |   0.0
            +---------+---------+-------+---------+---------+-------
